 Dungeon Crawl Stone Soup version 0.30-a0-782-ge64f9170bb (webtiles) character file.

Game seed: 11355948006015454195

20923 mopl the Cleaver (level 12, -6/76 HPs)
             Began as a Gargoyle Fighter on Mar 13, 2023.
             Was a High Priest of Okawaru.
             Mangled by a cane toad (16 damage)
             ... on level 3 of the Lair of Beasts.
             The game lasted 00:17:53 (11237 turns).

mopl the Cleaver (Gargoyle Fighter)                Turns: 11237, Time: 00:17:54

Health: -6/76      AC: 24    Str: 20    XL:     12   Next: 84%
Magic:  17/17      EV: 14    Int: 10    God:    Okawaru [*****.]
Gold:   779        SH:  6    Dex: 13    Spells: 11/11 levels left

rFire   . . .      SeeInvis .    a - +0 war axe
rCold   + . .      Faith    .    c - +0 buckler
rNeg    + + +      Spirit   .    M - +3 scale mail of Experimentation {rN++ Regen+}
rPois   ∞          Reflect  .    (no helmet)
rElec   +          Harm     .    (no cloak)
rCorr   +          Rampage  .    G - +1 Delatra's gloves {ID++}
Will    .....                    (no boots)
Stlth   +                        n - amulet of magic regeneration
HPRegen 1.12/turn                r - ring of protection from cold
MPRegen 0.55/turn                J - ring of resist corrosion

@: heroic
A: sickness immunity, AC +8, negative energy resistance 1, electricity
resistance, torment resistance 1, petrification resistance
a: Renounce Religion, Heroism, Finesse, Duel


You were on level 3 of the Lair of Beasts.
You worshipped Okawaru.
Okawaru was extremely pleased with you.
You visited 3 branches of the dungeon, and saw 14 of its levels.
You also visited: Sewer and Ossuary.

You collected 989 gold pieces.
You spent 210 gold pieces at shops.

Inventory:

Hand Weapons
 a - a +0 war axe (weapon)
 b - a +2 scimitar of flaming
 m - a +1 demon trident of venom
Missiles
 o - 2 atropa-tipped darts
 s - 5 boomerangs
 C - a javelin
 K - 4 throwing nets
 N - a curare-tipped dart
 P - 9 poisoned darts (quivered)
Armour
 c - a +0 buckler (worn)
 G - the +1 Delatra's gloves (worn) {ID++}
   (You found it on level 6 of the Dungeon)

   ID++:      It heals its wearer when they drink unknown potions, and restores
   their MP when they read unknown scrolls.
 L - +0 acid dragon scales
 M - the +3 scale mail of Experimentation (worn) {rN++ Regen+}
   (You found it on level 7 of the Dungeon)

   rN:        It greatly protects you from negative energy.
   Regen:     It increases your rate of health regeneration.
Jewellery
 n - an amulet of magic regeneration (around neck)
 r - a ring of protection from cold (left hand)
 u - a ring of fire
 J - a ring of resist corrosion (right hand)
Wands
 z - a wand of quicksilver (6)
 O - a wand of roots (12)
 Q - a wand of paralysis (2)
 R - a wand of mindburst (14)
Scrolls
 d - 4 scrolls of immolation
 e - 7 scrolls of fear {unknown}
 f - 3 scrolls of magic mapping
 g - 9 scrolls of teleportation {unknown}
 i - 2 scrolls of enchant weapon
 p - 8 scrolls of blinking {unknown}
 v - 6 scrolls of noise {unknown}
 w - 6 scrolls of poison {unknown}
 y - 4 scrolls of enchant armour {unknown}
 B - a scroll of fog
 D - a scroll of vulnerability
Potions
 h - 6 potions of haste
 j - 5 potions of brilliance
 k - 11 potions of curing
 l - 2 potions of heal wounds
 q - 3 potions of lignification {!q}
 t - a potion of cancellation
 x - 2 potions of flight
 A - a potion of ambrosia
 F - a potion of invisibility
 H - 2 potions of might
 I - a potion of magic


   Skills:
 + Level 9.4(14.4) Fighting
 * Level 10.5(15.5) Axes
 + Level 6.3(11.3) Throwing
 + Level 9.3(14.3) Armour
 + Level 6.4(11.4) Dodging
 - Level 3.2(8.2) Shields
 + Level 7.7 Invocations
 + Level 5.1 Evocations


You had 11 spell levels left.
You didn't know any spells.
Your spell library contained the following spells:

 Spells                   Type           Power      Damage    Failure   Level
 Apportation              Tloc           0%         N/A       69%         1
 Foxfire                  Conj/Fire      0%         2x1d4     69%         1
 Necrotise                Necr           0%         1d4       69%         1
 Leda's Liquefaction      Hex/Erth       0%         N/A       100%        4
 Alistair's Intoxication  Tmut/Pois      0%         N/A       100%        5
 Fireball                 Conj/Fire      0%         3d3       100%        5
 Iskenderun's Battlesphe  Conj           0%         2d6       100%        5
 Lee's Rapid Deconstruct  Erth           0%         3d4*      100%        5
 Yara's Violent Unravell  Hex/Tmut       0%         3d3       100%        5
 Iron Shot                Conj/Erth      0%         9d1       100%        6
 Starburst                Conj/Fire      0%         6d3       100%        6
 Enfeeble                 Hex            0%         N/A       100%        7
 Orb of Destruction       Conj           0%         9d5       100%        7
 Summon Small Mammal      Summ           Unusable   N/A       N/A         1
 Summon Guardian Golem    Hex/Summ       Unusable   N/A       N/A         3
 Statue Form              Tmut/Erth      Unusable   N/A       N/A         6
 Spellforged Servitor     Conj/Summ      Unusable   N/A       N/A         7

Dungeon Overview and Level Annotations

Branches:
Dungeon (10/15)            Temple (1/1) D:7            Lair (3/5) D:9
 Shoals (0/4) Lair:2       Spider (0/4) Lair:2          Orc (0/2) D:9
  Sewer (visited)         Ossuary (visited)

Altars:
Ashenzari
Cheibriados
Dithmenos
Elyvilon
Fedhas
Gozag
Hepliaklqana
Kikubaaqudgha
Makhleb
Nemelex Xobeh
Okawaru
Qazlal
Ru
Sif Muna
Trog
Uskayaw
Vehumet
Wu Jian
Xom
Yredelemnul
Zin
The Shining One

Shops:
D:3 (   D:6 !   D:8 =   D:9 !

Annotations:
D:4 1 runed translucent door, Crazy Yiuf


Innate Abilities, Weirdness & Mutations

You are immune to sickness and miasma.
Your stone body is resilient. (AC +8)
You are immune to poison.
You resist negative energy. (rN+)
You are resistant to electric shocks. (rElec)
You are resistant to unholy torment.
You are immune to petrification.


Message History

You are too injured to fight recklessly!
You are too injured to fight recklessly!
You gain the combat prowess of a mighty hero.
The rime drake breathes ice at you. You block the icy flash freeze.
The cane toad stings you. The rime drake misses you.
You block the cane toad's attack.
You slash the rime drake!
You kill the rime drake!
Okawaru accepts your kill.
You barely miss the cane toad. You hit the cane toad.
The cane toad is lightly wounded.
The cane toad barely misses you.
You slash the cane toad!
The cane toad is moderately wounded.
The cane toad barely misses you.
You hit the cane toad.
The cane toad is moderately wounded.
The cane toad stings you!
* * * LOW HITPOINT WARNING * * *
You hit the cane toad.
The cane toad is heavily wounded.
You block the cane toad's attack.
You slash the cane toad!
The cane toad is severely wounded.
The cane toad stings you!
* * * LOW HITPOINT WARNING * * *
You hit the cane toad.
The cane toad is severely wounded.
The cane toad stings you but does no damage.
You hit the cane toad but do no damage.
The cane toad is severely wounded.
You block the cane toad's attack.
You closely miss the cane toad.
The cane toad is severely wounded.
The cane toad barely misses you.
You hit the cane toad.
The cane toad is almost dead.
The cane toad stings you!
You die...

...>.# #......# .
..#....# .. #.##... ...
#.##..## .>. ###
#.##...#.....
###.###.##.F#.#....
##..#.##....@†......
#.........†.##≈#....
#...........≈≈≈#....
##..###...P..~≈≈#....
#..P# ###.#.~~~≈#....
#...#####.#..≈~≈≈....
#.........#...~##.../
######..####..........
###..P.#..P###....!....


You could see a cane toad.

Vanquished Creatures
  A hydra (Lair:2)
  A two-headed ogre (D:9)
  Amaemon (Lair:1)
  A wolf spider (Lair:2)
  Joseph (Lair:1)
  4 elephants
  2 black mambas (Lair:2)
  6 cane toads
  4 orange demons
  Maggie (D:7)
  2 rime drakes (Lair:3)
  2 komodo dragons
  A merfolk (Lair:2)
  3 red devils
  A troll (D:10)
  3 hornets
  3 blink frogs (Lair:2)
  Sigmund (D:2)
  A jumping spider (Lair:2)
  2 shadows (D:10)
  A wyvern (D:10)
  19 yaks
  A basilisk (Lair:2)
  A redback (Lair:2)
  A steam dragon (D:7)
  Duvessa (D:7)
  6 water moccasins
  3 orc warriors
  2 ice beasts
  A sky beast (D:8)
  5 black bears
  An ogre (D:5)
  12 wolves
  A centaur (D:8)
  A kobold brigand (D:8)
  12 bullfrogs
  A necrophage (D:4)
  11 scorpions
  4 wights (D:8)
  Dowan (D:7)
  8 killer bees
  An electric eel (Lair:3)
  A vampire bat (D:3)
  A howler monkey (D:6)
  A centaur zombie (Ossuary)
  A human zombie (Ossuary)
  5 hounds
  2 orc priests
  2 gnoll boudas
  4 orc wizards
  4 iguanas
  5 scorpion zombies (Ossuary)
  3 mummies (Ossuary)
  11 gnolls
  9 adders
  4 shadow imps
  4 ufetubi
  2 worms
  27 orcs
  15 ball pythons
  10 bats
  15 endoplasms
  17 giant cockroaches
  A gnoll zombie (Ossuary)
  4 goblins
  4 hobgoblins
  2 jackals (D:3)
  12 kobolds
  12 quokkas
  9 frilled lizards
  2 goblin zombies (Ossuary)
  A hobgoblin zombie (Ossuary)
  A kobold zombie (Ossuary)
  2 rats (D:3)
328 creatures vanquished.

Vanquished Creatures (others)
  14 fungi
  12 plants
26 creatures vanquished.

Grand Total: 354 creatures vanquished

Notes
Turn   | Place    | Note
-------+----------+-------------------------------------------
     0 | D:1      | mopl the Gargoyle Fighter began the quest for the Orb.
     0 | D:1      | Reached XP level 1. HP: 14/14 MP: 1/1
    52 | D:1      | Reached skill level 2 in Axes
    55 | D:1      | Reached XP level 2. HP: 18/19 MP: 2/2
   696 | D:2      | Reached XP level 3. HP: 23/23 MP: 3/3
   718 | D:2      | Found a sparkling altar of Nemelex Xobeh.
   943 | D:2      | Reached skill level 1 in Dodging
   952 | D:2      | Noticed Sigmund
   966 | D:2      | Killed Sigmund
   967 | D:2      | Reached skill level 4 in Fighting
   967 | D:2      | Reached skill level 3 in Axes
   967 | D:2      | Reached skill level 4 in Armour
   967 | D:2      | Reached XP level 4. HP: 10/29 MP: 4/4
   967 | D:2      | Reached XP level 5. HP: 11/33 MP: 5/5
  1102 | D:3      | Reached XP level 6. HP: 27/38 MP: 6/6
  1256 | D:3      | Found a snail-covered altar of Cheibriados.
  1256 | D:3      | Found a glowing golden altar of the Shining One.
  1350 | D:3      | Found a glowing drain.
  1358 | D:3      | Reached skill level 2 in Dodging
  1365 | Sewer    | Entered a sewer
  1556 | Sewer    | Reached skill level 4 in Axes
  1634 | Sewer    | Reached XP level 7. HP: 8/44 MP: 7/7
  1855 | D:3      | Found a faded altar of an unknown god.
  1863 | D:3      | Prayed at the altar of an unknown god.
  1863 | D:3      | Became a worshipper of the Shining One
  1863 | D:3      | Reached * piety under the Shining One
  1930 | D:3      | Found Iman's Weapon Boutique.
  2445 | D:4      | Reached skill level 5 in Fighting
  2632 | D:4      | Reached skill level 5 in Armour
  2712 | D:4      | Found a runed translucent door.
  2713 | D:4      | Noticed Crazy Yiuf
  2813 | D:4      | Reached skill level 1 in Invocations
  2884 | D:4      | Reached skill level 1 in Throwing
  2973 | D:5      | Entered Level 5 of the Dungeon
  2980 | D:5      | Reached skill level 5 in Axes
  3056 | D:5      | Found a blossoming altar of Fedhas.
  3058 | D:5      | Found a sand-covered staircase.
  3071 | Ossuary  | Entered an ossuary
  3080 | Ossuary  | Reached ** piety under the Shining One
  3086 | Ossuary  | Reached XP level 8. HP: 47/49 MP: 9/9
  3116 | Ossuary  | Reached skill level 3 in Dodging
  3138 | Ossuary  | Reached skill level 2 in Invocations
  3235 | Ossuary  | Reached skill level 2 in Throwing
  3297 | Ossuary  | Reached skill level 3 in Invocations
  3299 | Ossuary  | Reached *** piety under the Shining One
  3301 | Ossuary  | Reached skill level 6 in Axes
  3519 | D:5      | Reached skill level 6 in Fighting
  3519 | D:5      | Reached XP level 9. HP: 51/55 MP: 11/11
  3577 | D:5      | Reached skill level 6 in Armour
  3950 | D:6      | Found the +1 Delatra's gloves {ID++}
  4028 | D:6      | Found Teesim's Distillery.
  4034 | D:6      | Bought a potion of attraction for 45 gold pieces
  4034 | D:6      | Bought a potion of curing for 45 gold pieces
  4208 | D:6      | Reached skill level 3 in Throwing
  4668 | D:7      | Reached skill level 4 in Dodging
  4668 | D:7      | Reached skill level 4 in Invocations
  4671 | D:7      | Found a staircase to the Ecumenical Temple.
  4789 | Temple   | Entered the Ecumenical Temple
  4984 | Temple   | Fell from the grace of the Shining One
  4984 | Temple   | Became a worshipper of Warmaster Okawaru
  5254 | D:7      | Noticed Dowan
  5255 | D:7      | Noticed Duvessa
  5288 | D:7      | Killed Duvessa
  5296 | D:7      | Killed Dowan
  5351 | D:7      | Reached skill level 7 in Axes
  5518 | D:6      | Bought a potion of mutation for 120 gold pieces
  5589 | D:7      | Noticed Maggie
  5611 | D:7      | Killed Maggie
  5627 | D:7      | Reached * piety under Okawaru
  5628 | D:7      | Reached skill level 1 in Evocations
  5628 | D:7      | Reached XP level 10. HP: 12/61 MP: 13/13
  5884 | D:7      | Reached skill level 7 in Fighting
  6101 | D:7      | Identified the +3 scale mail of Experimentation {rN++
                  | Regen+}
  6377 | D:8      | Reached skill level 7 in Armour
  6436 | D:8      | Reached skill level 4 in Throwing
  6567 | D:8      | Reached skill level 5 in Invocations
  6796 | D:8      | Found a shadowy altar of Dithmenos.
  6812 | D:8      | Reached skill level 2 in Evocations
  6960 | D:8      | Found Iwauluno's Jewellery Shoppe.
  7118 | D:8      | Reached ** piety under Okawaru
  7168 | D:9      | Noticed a two-headed ogre
  7178 | D:9      | Killed a two-headed ogre
  7179 | D:9      | Reached skill level 8 in Axes
  7241 | D:9      | Found a shimmering altar of Xom.
  7307 | D:9      | Found a stormy altar of Qazlal.
  7359 | D:9      | Found a staircase to the Orcish Mines.
  7398 | D:9      | Found Vepos's Distillery.
  7451 | D:9      | Noticed an elephant
  7469 | D:9      | Killed an elephant
  7489 | D:9      | Found a staircase to the Lair.
  7498 | D:9      | Reached *** piety under Okawaru
  7836 | D:9      | Reached skill level 5 in Dodging
  7845 | D:9      | Reached XP level 11. HP: 63/68 MP: 15/15
  7864 | D:9      | Reached skill level 3 in Evocations
  8052 | D:10     | Entered Level 10 of the Dungeon
  8150 | D:10     | Reached skill level 8 in Fighting
  8150 | D:10     | Reached skill level 6 in Invocations
  8291 | D:9      | Reached skill level 5 in Throwing
  8338 | D:10     | Reached **** piety under Okawaru
  8393 | D:10     | Reached skill level 8 in Armour
  8501 | D:10     | Reached skill level 9 in Axes
  8684 | D:10     | Received a gift from Okawaru
  8964 | D:10     | Found an ornate altar of the Wu Jian Council.
  9089 | Lair:1   | Entered Level 1 of the Lair of Beasts
  9130 | Lair:1   | Reached ***** piety under Okawaru
  9451 | Lair:1   | Noticed Joseph
  9452 | Lair:1   | Noticed Amaemon
  9472 | Lair:1   | Killed Amaemon
  9472 | Lair:1   | Received a gift from Okawaru
  9473 | Lair:1   | Reached skill level 4 in Evocations
  9486 | Lair:1   | Killed Joseph
  9487 | Lair:1   | Reached XP level 12. HP: 53/75 MP: 17/17
  9876 | Lair:2   | Reached skill level 7 in Invocations
 10015 | Lair:2   | Found a hole to the Spider Nest.
 10030 | Lair:2   | Received a gift from Okawaru
 10158 | Lair:2   | Found a staircase to the Shoals.
 10257 | Lair:2   | Noticed a six-headed hydra
 10267 | Lair:2   | Killed a one-headed hydra
 10268 | Lair:2   | Reached skill level 6 in Dodging
 10301 | Lair:2   | Reached skill level 10 in Axes
 10439 | Lair:2   | Reached skill level 9 in Fighting
 10449 | Lair:2   | Reached skill level 6 in Throwing
 10449 | Lair:2   | Reached skill level 9 in Armour
 10517 | Lair:2   | Received a gift from Okawaru
 10824 | Lair:3   | Reached skill level 5 in Evocations
 11237 | Lair:3   | Mangled by a cane toad

Illustrated notes

Levels and vault maps discovered:
D:1:      co_arrival_square_in_a_square_in_a_square, layout_basic,
          chequers_serial_rivers_large_a
D:2:      layout_rooms, basic_altar, minmay_ruptured, uniq_sigmund
D:3:      layout_basic, mainiacjoe_overflow_divided_tiny, gup_sewer_entry_pipe,
          shapermc_ecumenical_altar_totnotflames, serial_shops, shop,
          roderic_batcave
D:4:      layout_rooms, uniq_crazy_yiuf_cottage
D:5:      layout_basic, mainiacjoe_overflow_paths, nicolae_ossuary_entry_ruins
D:6:      minmay_evil_eye, layout_basic, serial_shops, shop
D:7:      layout_gridville, minmay_temple_entry_large_hall, uniq_duvessa,
          uniq_maggie
D:8:      layout_loops_ring, kennysheep_mini, serial_shops,
          nicolae_lakefront_shop
D:9:      layout_basic, lemuel_doored_altar, mainiacjoe_overflow_brackets,
          david_lair_generic, orc_0_dummy, nicolae_stop_n_shop_1
D:10:     layout_stronghold, nicolae_wu_jian_immortal_techniques,
          minmay_beelzebubs_servants
Temple:   bh_familiar_temple
Lair:1:   layout_chaotic_city, uniq_amaemon, uniq_joseph
Lair:2:   layout_roguey, elwin_shoals_entry_rooms, spider_nest_entry_funnel_web
Lair:3:   layout_gridlike, serial_bayou_shore_a, serial_bayou_shore_b

Skill      XL: |  1  2  3  4  5  6  7  8  9 10 11 12 |
---------------+-------------------------------------+-----
Axes           | 2 3 4 5 6 7 8 9 10 | 10.5
Dodging        | 1 2 3 4 5 6 |  6.4
Fighting       | 4 5 6 7 8 9 |  9.4
Armour         | 4 5 6 7 8 9 |  9.3
Invocations    | 1 3 4 5 6 7 |  7.7
Throwing       | 1 2 3 4 5 6 |  6.3
Evocations     | 1 2 4 5 |  5.1
Shields        | |  3.2

Action                     |  1- 3 |  4- 6 |  7- 9 | 10-12 || total
---------------------------+-------+-------+-------+-------++-------
  Melee: War axe           |    92 |   199 |   383 |   872 ||  1546
         Scimitar          |       |       |       |     6 ||     6
  Throw: Dart              |       |       |     8 |     6 ||    14
         Boomerang         |       |       |     2 |     4 ||     6
 Invoke: Heroism           |       |       |       |    13 ||    13
  Evoke: Wand              |       |       |       |     1 ||     1
    Use: Potion            |     1 |       |       |     1 ||     2
         Scroll            |       |       |       |    16 ||    16
 Armour: Scale mail        |    45 |   131 |   220 |   518 ||   914
         Chain mail        |       |       |    77 |       ||    77
         Acid dragon scale |       |       |       |    15 ||    15
  Dodge: Dodged            |    56 |   115 |   280 |   519 ||   970
  Block: Buckler           |    14 |    60 |   126 |   257 ||   457

Table legend: (Time is in decaauts)
 A = Elapsed time spent in this place.
 B = Non-inter-level travel time spent in this place.
 C = Inter-level travel time spent in this place.
 D = Time resting spent in this place.
 E = Time spent auto-exploring this place.
 F = Levels seen in this place.
 G = Mean time per level.
                   A        B        C        D        E       F      G
               +--------+--------+--------+--------+--------+-----+--------+
         Total |  11555 |  11013 |    542 |    972 |   6936 |  16 |  722.2 |
       Dungeon |   8340 |   7920 |    420 |    698 |   5164 |  10 |  834.0 |
        Temple |    223 |    169 |     54 |      0 |    164 |   1 |  223.0 |
          Lair |   2148 |   2081 |     67 |    144 |   1357 |   3 |  716.0 |
         Sewer |    525 |    525 |      0 |    130 |    131 |   1 |  525.0 |
       Ossuary |    318 |    318 |      0 |      0 |    119 |   1 |  318.0 |
               +--------+--------+--------+--------+--------+-----+--------+

Top non-repeatable levels by time:
     D:7: 1392 daAuts
     D:9: 987 daAuts
    D:10: 958 daAuts
     D:3: 946 daAuts
  Lair:2: 908 daAuts
     D:8: 883 daAuts
     D:6: 871 daAuts
  Lair:1: 725 daAuts
     D:1: 701 daAuts
     D:4: 598 daAuts
     D:5: 571 daAuts
   Sewer: 525 daAuts
  Lair:3: 513 daAuts
     D:2: 428 daAuts
 Ossuary: 318 daAuts
